 Dungeon Crawl Stone Soup version 0.19-a0-1740-g0bcaf2e (webtiles) character file.

368 aronpayne the Skirmisher (level 7, 0/54 HPs)
             Began as a Human Fighter on Oct 1, 2016.
             Was an Initiate of Sif Muna.
             Slain by Pikel
             ... wielding a +0 whip of electrocution
              (1 damage)
             ... on level 4 of the Dungeon.
             The game lasted 00:09:29 (2928 turns).

aronpayne the Skirmisher (Human Fighter)            Turns: 2928, Time: 00:09:30

Health: 0/54       AC: 13    Str: 23    XL:     7   Next: 1%
Magic:  7/7        EV:  7    Int:  9    God:    Sif Muna [......]
Gold:   241        SH: 10    Dex: 12    Spells: 0 memorised, 7 levels left

rFire  . . .     SeeInvis .     a - +0 long sword
rCold  . . .     Gourm    .     w - +0 chain mail
rNeg   + . .     Faith    .     c - +0 shield
rPois  .         Spirit   .     o - +2 helmet
rElec  .         Dismiss  .     (no cloak)
rCorr  .         Reflect  .     u - +0 pair of gloves
MR     .....     Harm     .     (no boots)
Stlth  ..........               (no amulet)
                                (no ring)
                                k - ring of positive energy

@: mighty
A: no striking features
a: Renounce Religion


You were on level 4 of the Dungeon.
You worshipped Sif Muna.
Sif Muna was noncommittal.
You were not hungry.

You visited 2 branches of the dungeon, and saw 5 of its levels.

You collected 241 gold pieces.

Inventory:

Hand Weapons
 a - a +0 long sword (weapon)
Armour
 c - a +0 shield (worn)
 o - a +2 helmet (worn)
 u - a +0 pair of gloves (worn)
 w - a +0 chain mail (worn)
Jewellery
 k - a ring of positive energy (left hand)
Wands
 r - a wand of iceblast (12/15)
Scrolls
 e - 2 scrolls of remove curse
 g - 2 scrolls of recharging {unknown}
 h - 4 scrolls of identify {unknown}
 j - a scroll of fear {unknown}
 p - 2 scrolls of amnesia {unknown}
 s - a scroll of noise {unknown}
 t - a scroll of teleportation {unknown}
Potions
 d - a potion of agility {unknown}
 l - a potion of degeneration {unknown}
 m - a potion of curing {unknown}
 q - a potion of heal wounds {unknown}
Comestibles
 f - 5 bread rations
 i - a beef jerky
 n - 3 meat rations
 v - 7 chunks of flesh


   Skills:
 + Level 4.2 Fighting
 + Level 3.6 Long Blades
 + Level 4.1 Armour
 + Level 2.8 Dodging
 + Level 3.8 Shields
 + Level 0.5 Spellcasting
 + Level 0.0 Invocations


You had 7 spell levels left.
You didn't know any spells.

Dungeon Overview and Level Annotations

Branches:
Dungeon (4/15)             Temple (1/1) D:4

Altars:
Ashenzari
Cheibriados
Dithmenos
Elyvilon
Fedhas
Gozag
Hepliaklqana
Makhleb
Nemelex Xobeh
Qazlal
Ru
Sif Muna
Trog
Uskayaw
Vehumet

Annotations:
D:4 Pikel


Message History

You block the gnoll's attack.
You slash the gnoll!
You kill the gnoll!
Sif Muna accepts your kill.
You have reached level 7!
The gnoll hits you but does no damage.
You closely miss the slave. The slave closely misses you.
You riposte.
You slash the slave!
The slave is heavily wounded.
You block the gnoll's attack.
You slash Pikel!
Pikel is moderately wounded.
The gnoll hits you but does no damage. Pikel hits you but does no damage.
You are electrocuted!
* * * LOW HITPOINT WARNING * * *
You closely miss Pikel.
Pikel is moderately wounded.
The gnoll hits you but does no damage.
Pikel hits you with a whip of electrocution.
You die...

....>...#)..........
........##..#.#.####
#....#.###......#
#...%......p#.###
#....#..#####.#
........# #.# #
........# #p...
.####g..####...#
#.@Kp..!......#
........##g..####...#
#.##..####...# ......
#.< ......# .
#.......### #####.###
... #... #.


You could see Pikel, a slave and 2 gnolls.

Vanquished Creatures
  The ghost of Ruebezahl the Conjurer, an amateur DECj (D:3)
  A slave (D:4)
  2 worker ants
  Robin (D:3)
  A gnoll (D:4)
  4 adders
  2 oozes (D:3)
  3 worms
  4 dart slugs
  6 orcs
  2 ball pythons
  5 giant cockroaches
  13 goblins
  11 hobgoblins
  A quokka (D:2)
  8 bats
  2 frilled lizards (D:3)
  8 kobolds
  12 rats
87 creatures vanquished.

Notes
Turn   | Place    | Note
-------+----------+-------------------------------------------
     0 | D:1      | aronpayne the Human Fighter began the quest for the Orb.
     0 | D:1      | Reached XP level 1. HP: 18/18 MP: 1/1
   132 | D:1      | Reached XP level 2. HP: 24/24 MP: 2/2
   632 | D:1      | Reached XP level 3. HP: 29/29 MP: 3/3
   634 | D:1      | Reached skill level 1 in Dodging
  1182 | D:2      | Reached XP level 4. HP: 31/35 MP: 4/4
  1497 | D:2      | Noticed a moth of wrath
  1528 | D:2      | Found a bloodstained altar of Trog.
  1793 | D:3      | Reached XP level 5. HP: 31/41 MP: 5/5
  1856 | D:3      | Noticed Ruebezahl's ghost (amateur DECj)
  1874 | D:3      | Killed Ruebezahl's ghost
  1874 | D:3      | Reached XP level 6. HP: 7/48 MP: 6/6
  2247 | D:3      | Noticed Robin
  2260 | D:3      | Killed Robin
  2751 | D:4      | Found a staircase to the Ecumenical Temple.
  2756 | Temple   | Entered the Ecumenical Temple
  2795 | Temple   | Became a worshipper of Sif Muna the Loreminder
  2815 | D:4      | Found a shadowy altar of Dithmenos.
  2891 | D:4      | Noticed a slave
  2891 | D:4      | Noticed a slave
  2892 | D:4      | Noticed Pikel
  2892 | D:4      | Noticed a slave
  2892 | D:4      | Noticed a slave
  2917 | D:4      | Killed a slave
  2925 | D:4      | Reached XP level 7. HP: 10/54 MP: 7/7
  2927 | D:4      | HP: 1/54 [Pikel/whip of electrocution (10)]
  2928 | D:4      | Slain by Pikel

Vault maps used:
D:1:      lightli_arrival_flooded_house
D:2:      tgw_trog, minmay_cupped
D:3:      first_bread, uniq_robin
D:4:      lemuel_crystal_altar, uniq_grinder, uniq_pikel
Temple:   cyrus_circular_temple

Skill      XL: |  1  2  3  4  5  6 |
---------------+-------------------+-----
Dodging        | 1 2 |  2.8
Fighting       | 4 |  4.2
Long Blades    | 3 |  3.6
Armour         | 4 |  4.1
Shields        | |  3.8
Spellcasting   | |  0.5

Action                   |  1- 3 |  4- 6 |  7- 9 || total
-------------------------+-------+-------+-------++-------
Melee: Long sword        |    98 |   246 |     4 ||   348
  Use: Scroll            |     2 |       |       ||     2
       Potion            |     1 |     2 |       ||     3
  Eat: Chunk             |     1 |     6 |       ||     7
Armor: Scale mail        |    47 |    69 |       ||   116
       Chain mail        |       |    37 |     4 ||    41
Dodge: Dodged            |    31 |    60 |     1 ||    92
Block: Shield            |    59 |   114 |     1 ||   174
